 Dungeon Crawl Stone Soup version 0.23-a0-436-g57debff (webtiles) character file.

28837 Azzok the Destroyer (level 13, -8/79 HPs)
             Began as a Demonspawn Fire Elementalist on Nov 16, 2018.
             Was an Elder of Vehumet.
             Mangled by a spiny frog (21 damage)
             ... on level 3 of the Lair of Beasts.
             The game lasted 00:39:38 (20961 turns).

Azzok the Destroyer (Demonspawn Fire Elementalist) Turns: 20961, Time: 00:39:39

Health: -8/79      AC:  8    Str:  8    XL:     13   Next: 11%
Magic:  0/28       EV: 12    Int: 21    God:    Vehumet [****..]
Gold:   917        SH:  0    Dex: 15    Spells: 15/35 levels left

rFire    + . .     SeeInvis .   m - +4 halberd (flame)
rCold    + . .     Gourm    .   (shield currently unavailable)
rNeg     . . .     Faith    .   I - +1 robe {rC+}
rPois    +         Spirit   +   s - +0 helmet
rElec    .         Reflect  .   C - scarf {repulsion}
rCorr    .         Harm     .   (no gloves)
MR       +....                  (no boots)
Stlth    ++........             (no amulet)
HPRegen  0.23/turn              O - ring of protection from magic
MPRegen  0.21/turn              y - ring of protection from fire

@: repel missiles
A: talons 2, slimy green scales 3, magic shield, rot immunity
a: Renounce Religion


You were on level 3 of the Lair of Beasts.
You worshipped Vehumet.
Vehumet was greatly pleased with you.
You were not hungry.

You visited 3 branches of the dungeon, and saw 17 of its levels.

You collected 917 gold pieces.

Inventory:

Hand Weapons
 m - a +4 halberd of flaming (weapon)
 A - a +0 blowgun
Missiles
 g - 6 needles of confusion
 D - 18 poisoned needles
 J - 8 curare-tipped needles
Armour
 s - a +0 helmet (worn)
 C - a scarf of repulsion (worn)
 I - a +1 robe of cold resistance (worn)
Jewellery
 n - an uncursed ring of resist corrosion
 q - an uncursed ring of ice
 y - a ring of protection from fire (right hand)
 B - an uncursed ring of protection from cold
 O - a ring of protection from magic (left hand)
Wands
 a - a wand of disintegration (13)
 h - a wand of digging (6)
 v - a wand of acid (7)
 x - a wand of flame (13)
 F - a wand of random effects (28)
 Q - a wand of iceblast (10)
Scrolls
 b - 3 scrolls of enchant armour
 e - 3 scrolls of amnesia
 f - 3 scrolls of blinking
 i - 4 scrolls of magic mapping
 j - a scroll of identify
 o - 12 scrolls of remove curse
 p - 4 scrolls of enchant weapon
 t - a scroll of immolation
 u - 4 scrolls of fog
 w - 8 scrolls of teleportation
 G - 2 scrolls of fear
Potions
 d - 4 potions of brilliance
 k - 2 potions of haste
 l - 5 potions of curing
 r - 2 potions of might
 z - a potion of lignification
 E - a potion of heal wounds
 H - 2 potions of mutation {!q}
 K - a potion of resistance
 L - 4 potions of agility
 M - a potion of invisibility
 P - 2 potions of flight {unknown}
Miscellaneous
 N - a lamp of fire
Comestibles
 c - 7 rations


   Skills:
 - Level 1.7 Dodging
 - Level 1.7 Stealth
 + Level 11.9 Spellcasting
 + Level 12.6 Conjurations
 + Level 2.0 Necromancy
 + Level 12.0 Fire Magic
 + Level 1.6 Earth Magic


You had 15 spell levels left.
You knew the following spells:

 Your Spells              Type           Power        Failure   Level  Hunger
a - Flame Tongue          Conj/Fire      #####        1%          1    None
b - Conjure Flame         Conj/Fire      ######..     1%          3    None
c - Sticky Flame          Conj/Fire      ######..     1%          4    None
d - Fireball              Conj/Fire      ######....   1%          5    ####...
e - Borgnjor's Vile Clut  Necr/Erth      ###.......   56%         5    ####...
f - Blink                 Tloc           N/A          9%          2    None

Your spell library contained the following spells:

 Spells                   Type           Power        Failure   Level  Hunger
 Force Lance              Conj/Tloc      #####...     1%          4    None
 Shock                    Conj/Air       ####         1%          1    None
 Throw Flame              Conj/Fire      ######       1%          2    None
 Inner Flame              Hex/Fire       #####...     1%          3    None
 Static Discharge         Conj/Air       #####...     1%          3    None
 Lightning Bolt           Conj/Air       #####.....   3%          5    ####...
 Confusing Touch          Hex            ##....       5%          1    None
 Ensorcelled Hibernation  Hex/Ice        ##....       9%          2    None
 Shroud of Golubria       Chrm/Tloc      ##........   9%          2    None
 Swiftness                Chrm/Air       ##......     9%          2    None
 Airstrike                Air            ##........   14%         4    None
 Confuse                  Hex            ##......     16%         3    None
 Gell's Gravitas          Tloc           ##........   16%         3    None
 Lesser Beckoning         Tloc           ##........   16%         3    None
 Teleport Other           Tloc           ##......     16%         3    None
 Petrify                  Tmut/Erth      ###.....     36%         4    None
 Yara's Violent Unravell  Hex/Tmut       ##........   36%         5    ####...
 Passage of Golubria      Tloc           N/A          47%         4    None
 Metabolic Englaciation   Hex/Ice        ##........   83%         5    ####...
 Silence                  Hex/Air        ##........   83%         5    ####...
 Darkness                 Hex            ##........   100%        6    #####..
 Shadow Creatures         Summ           N/A          100%        6    #####..


Dungeon Overview and Level Annotations

Branches:
Dungeon (12/15)            Temple (1/1) D:4            Lair (4/6) D:11
  Snake (0/4) Lair:3
  Swamp: Lair:2-4    Shoals: Lair:2-4       Orc: D:9-12

Altars:
Ashenzari
Cheibriados
Dithmenos
Elyvilon
Fedhas
Gozag
Hepliaklqana
Kikubaaqudgha
Makhleb
Nemelex Xobeh
Okawaru
Qazlal
Ru
Sif Muna
Trog
Uskayaw
Vehumet
Wu Jian
Xom
Yredelemnul
Zin
The Shining One
Lugonu

Annotations:
D:7 2 transporters
D:11 1 transporter
D:12 Josephine


Innate Abilities, Weirdness & Mutations

You have razor-sharp toenails.
You are completely covered in slimy green scales. (AC +4, rPois)
When hurt, damage is shared between your health and your magic reserves.
You are immune to rotting.


Message History

The death yak burns!
The death yak burns!
The spiny frog closely misses you. x2
The death yak burns!
The death yak burns!
You kill the death yak!
Vehumet accepts your kill.
Your Necromancy skill increases to level 2!
The spiny frog stings you.
* * * LOW MAGIC WARNING * * *;
* * * LOW HITPOINT WARNING * * *
Casting: Sticky Flame (safe; 1% risk of failure)
Confirm with . or Enter, or press ? or * to list all spells.
Aiming: Sticky Flame (safe; 1% risk of failure)
Press: ? - help, Shift-Dir - straight line, f - spiny frog
Aim: a spiny frog The sticky flame hits the spiny frog.
The spiny frog is moderately wounded.
The spiny frog is covered in liquid flames!
* * * LOW MAGIC WARNING * * *
The spiny frog burns!
The spiny frog stings you!!
You die...

▒▒▒▒ ▒▒▒··▒▒▒ ▒······▒
▒▒▒ ▒▒····F·▒▒ ▒▒▒▒▒·▒
▒······@·▒ ▒▒▒▒▒····▒▒▒▒
▒·······▒▒▒▒··▒······▒▒P
▒▒······▒▒▒····╬····╬···
▒·······▒··▒·▒▒·····▒▒▒
▒······╬···▒▒·▒····▒▒▒▒
▒·······P·▒▒▒▒▒····▒▒▒·
▒▒······▒··▒ ▒▒····P▒▒▒
▒········▒▒▒ ▒·····▒▒ ▒
▒▒▒▒╬·▒·▒▒ ▒▒▒···▒


You could see a spiny frog (burning).

Vanquished Creatures
  Rupert (Lair:3)
  Fannar (D:10)
  4 hydras
  Harold (Lair:1)
  A two-headed ogre (D:9)
  2 death yaks
  A queen ant (Lair:2)
  Urug (Lair:2)
  Nergalle (D:10)
  2 ugly things (D:11)
  A manticore (D:12)
  2 black mambas
  A cyclops (D:11)
  2 centaur zombies
  4 elephants (Lair:2)
  4 spiny frogs
  2 komodo dragons (Lair:2)
  A troll (D:11)
  A hornet (Lair:2)
  Grinder (D:3)
  3 hippogriffs
  A spriggan (D:10)
  2 basilisks
  14 yaks
  5 hungry ghosts
  3 fire bats
  Menkaure (D:6)
  A naga (Lair:3)
  6 soldier ants
  4 water moccasins
  2 orc warriors
  7 porcupines
  A hornet zombie (D:6)
  4 sky beasts
  3 ice beasts
  A black bear (D:11)
  2 phantoms
  9 centaurs
  7 ogres
  4 wolves (Lair:1)
  5 crocodiles
  2 big kobolds
  4 bullfrogs
  7 scorpions
  11 killer bees
  6 howler monkeys
  6 jellies
  A quasit (D:6)
  A bullfrog zombie (D:9)
  4 orc priests
  3 centaur skeletons (D:11)
  3 hounds
  A bullfrog skeleton (D:10)
  4 iguanas
  8 orc wizards
  27 worker ants
  A hound zombie (D:6)
  A hound skeleton (D:4)
  9 adders
  6 gnolls
  4 shadow imps
  An ooze (D:7)
  An adder zombie (D:6)
  An adder skeleton (D:9)
  4 worms
  5 dart slugs
  5 leopard geckos
  24 orcs
  7 giant cockroaches
  6 hobgoblins
  14 jackals
  5 quokkas
  3 bats
  7 frilled lizards
  4 goblins
  21 kobolds
  A leopard gecko skeleton (D:5)
  3 quokka skeletons
  A quokka zombie (D:5)
  13 rats
  A fungus (Lair:2)
355 creatures vanquished.

Vanquished Creatures (others)
  An adder (D:12)
  2 bushes (Lair:4)
  9 fungi
  5 plants
17 creatures vanquished.

Grand Total: 372 creatures vanquished

Notes
Turn   | Place    | Note
-------+----------+-------------------------------------------
     0 | D:1      | Azzok the Demonspawn Fire Elementalist began the quest for
                  | the Orb.
     0 | D:1      | Reached XP level 1. HP: 13/13 MP: 3/3
   133 | D:1      | Gained mutation: You are partially covered in slimy green
                  | scales. (AC +2) [demonic ancestry]
   133 | D:1      | Reached XP level 2. HP: 19/19 MP: 0/5
   825 | D:1      | Gained mutation: You are mostly covered in slimy green
                  | scales. (AC +3) [demonic ancestry]
   825 | D:1      | Reached XP level 3. HP: 24/24 MP: 4/6
  1690 | D:2      | Reached XP level 4. HP: 26/30 MP: 2/8
  1760 | D:2      | Learned a level 3 spell: Conjure Flame
  1765 | D:2      | Learned a level 4 spell: Sticky Flame
  1905 | D:2      | Found a sacrificial altar of Ru.
  2619 | D:3      | Found a deep blue altar of Sif Muna.
  2726 | D:3      | Reached XP level 5. HP: 35/35 MP: 9/9
  2824 | D:3      | Found a snail-covered altar of Cheibriados.
  2908 | D:3      | Found a burning altar of Makhleb.
  3200 | D:3      | Noticed Grinder
  3200 | D:3      | Paralysed by Grinder for 7 turns
  3216 | D:3      | Killed Grinder
  3216 | D:3      | Reached XP level 6. HP: 10/41 MP: 1/11
  3820 | D:4      | Found a staircase to the Ecumenical Temple.
  3953 | D:4      | Reached XP level 7. HP: 39/46 MP: 13/13
  3980 | Temple   | Entered the Ecumenical Temple
  4509 | D:4      | Reached skill level 5 in Fire Magic
  5188 | D:4      | Reached skill level 5 in Spellcasting
  5188 | D:4      | Reached skill level 5 in Conjurations
  5341 | D:5      | Entered Level 5 of the Dungeon
  5360 | D:5      | Gained mutation: You have sharp toenails. [demonic
                  | ancestry]
  5360 | D:5      | Reached XP level 8. HP: 52/52 MP: 3/15
  6023 | D:5      | Found a radiant altar of Vehumet.
  6031 | D:5      | Became a worshipper of Vehumet
  6118 | D:5      | Learned a level 5 spell: Fireball
  6622 | D:6      | Found a shimmering altar of Xom.
  6744 | D:6      | Noticed Menkaure
  7434 | D:6      | Reached * piety under Vehumet
  7434 | D:6      | Offered knowledge of Sting by Vehumet.
  7434 | D:6      | Reached XP level 9. HP: 35/57 MP: 11/18
  7881 | D:6      | Killed Menkaure
  8135 | D:7      | Found a transporter.
  8213 | D:7      | Found a shadowy altar of Dithmenos.
  8271 | D:7      | Noticed a kobold demonologist
  8352 | D:7      | Got a crystal mace
  8634 | D:7      | Found a transporter.
  8858 | D:7      | Found a sparkling altar of Nemelex Xobeh.
  8908 | D:7      | HP: 4/85 [killer bee (2)]
  9283 | D:7      | Found an ancient bone altar of Kikubaaqudgha.
  9395 | D:7      | Found an ornate altar of the Wu Jian Council.
  9530 | D:7      | Identified the +0 mace of Collusion {crush, Str+4} (You
                  | found it on level 7 of the Dungeon)
  9651 | D:8      | Found a bloodstained altar of Trog.
  9727 | D:8      | Found a basalt altar of Yredelemnul.
  9734 | D:8      | Reached ** piety under Vehumet
  9734 | D:8      | Offered knowledge of Sandblast by Vehumet.
 10439 | D:8      | You fall through a shaft for 2 floors!
 10439 | D:10     | Entered Level 10 of the Dungeon
 10470 | D:10     | Gained mutation: You have razor-sharp toenails. [demonic
                  | ancestry]
 10470 | D:10     | Reached XP level 10. HP: 62/63 MP: 9/22
 10675 | D:9      | Noticed a two-headed ogre
 10680 | D:9      | Killed a two-headed ogre
 11065 | D:9      | Got a shimmering dagger
 11596 | D:9      | Identified the cursed +1 dagger of Cuklo {pain, Str+2} (You
                  | found it on level 9 of the Dungeon)
 12039 | D:10     | Noticed Nergalle
 12047 | D:10     | Killed Nergalle
 12216 | D:10     | Offered knowledge of Throw Frost by Vehumet.
 12530 | D:10     | Reached *** piety under Vehumet
 12846 | D:10     | Noticed Fannar
 12862 | D:10     | Killed Fannar
 13097 | D:10     | Gained mutation: You are completely covered in slimy green
                  | scales. (AC +4, rPois) [demonic ancestry]
 13097 | D:10     | Reached XP level 11. HP: 46/68 MP: 16/24
 13383 | D:11     | Reached skill level 10 in Conjurations
 13520 | D:11     | Found a transporter.
 13523 | D:11     | Offered knowledge of Stone Arrow by Vehumet.
 13659 | D:11     | Noticed a red ugly thing
 13660 | D:11     | Found a corrupted altar of Lugonu.
 13660 | D:11     | Noticed a white very ugly thing
 13809 | D:11     | Noticed a white ugly thing
 13824 | D:11     | Noticed a white ugly thing
 13829 | D:11     | Killed a white ugly thing
 13829 | D:11     | Reached skill level 10 in Fire Magic
 13834 | D:11     | Killed a white ugly thing
 14111 | D:11     | Found a staircase to the Lair.
 14251 | D:11     | Reached skill level 10 in Spellcasting
 14374 | D:11     | Noticed an ettin
 14374 | D:11     | Noticed a fire crab
 14426 | D:11     | Noticed a death drake
 14430 | D:12     | Noticed Josephine
 14433 | D:12     | Noticed a two-headed ogre
 14442 | D:11     | Noticed a sea snake
 14442 | D:11     | a death drake changed into a sea snake
 14445 | D:11     | Noticed an anaconda
 14445 | D:11     | a sea snake changed into an anaconda
 14552 | Lair:1   | Entered Level 1 of the Lair of Beasts
 14735 | Lair:1   | Noticed a five-headed hydra
 14741 | Lair:1   | Killed a five-headed hydra
 14741 | Lair:1   | Reached **** piety under Vehumet
 15112 | Lair:1   | Noticed Harold
 15120 | Lair:1   | Killed Harold
 16517 | Lair:2   | Gained mutation: When hurt, damage is shared between your
                  | health and your magic reserves. [demonic ancestry]
 16517 | Lair:2   | Reached XP level 12. HP: 74/74 MP: 6/26
 16997 | Lair:2   | Noticed a queen ant
 17000 | Lair:2   | Killed a queen ant
 17435 | Lair:2   | Offered knowledge of Force Lance by Vehumet.
 17798 | Lair:2   | Noticed a five-headed hydra
 17801 | Lair:2   | Killed a five-headed hydra
 18447 | Lair:2   | Noticed Urug
 18454 | Lair:2   | Killed Urug
 19248 | Lair:3   | Noticed Rupert
 19253 | Lair:3   | Killed Rupert
 19605 | Lair:3   | Noticed a four-headed hydra
 19610 | Lair:3   | Killed a four-headed hydra
 19956 | Lair:3   | Learned a level 5 spell: Borgnjor's Vile Clutch
 19960 | Lair:3   | Found a staircase to the Snake Pit.
 20500 | Lair:4   | Learned a level 2 spell: Blink
 20641 | Lair:4   | Noticed a five-headed hydra
 20646 | Lair:4   | Killed a five-headed hydra
 20646 | Lair:4   | Reached skill level 1 in Necromancy
 20646 | Lair:4   | Reached skill level 1 in Earth Magic
 20646 | Lair:4   | Gained mutation: You are immune to rotting. [demonic
                  | ancestry]
 20646 | Lair:4   | Reached XP level 13. HP: 79/79 MP: 13/28
 20961 | Lair:3   | Mangled by a spiny frog

Vault maps used:
D:1:      saegor_arrival_simple_c
D:2:      old_standard_altar, minmay_rat_gold_closets
D:3:      kennysheep_goblin_castle, nicolae_overflow_crystal_walls,
          lemuel_coloured_pillars_altar, kennysheep_slug_shrine, uniq_grinder
D:4:      minmay_temple_entry_overgrown, first_ration
D:5:      vehumet_altar_wand_db
D:6:      overflow_temple_1_default, uniq_menkaure
D:7:      gammafunk_wand_slinger, nemelex_xobeh_ov_fountains_minmay,
          grunt_dithmenos_smoke, kiku_gazebo_garden_becter,
          kennysheep_little_box, hangedman_decor_opposing
D:8:      yredelemnul_altar_generic, basic_altar
D:10:     the_bakery, uniq_fannar, uniq_nergalle
D:11:     gammafunk_corrupted_shrine, minmay_holes, grunt_decor_fettered
D:12:     minmay_the_grid_triangle_9x9_recursive_3, david_orc_2, uniq_gastronok,
          uniq_josephine
Temple:   minmay_temple_curvy_loop
Lair:1:   uniq_harold
Lair:2:   minmay_another_anthill, uniq_urug
Lair:3:   guppyfry_snake_entry_garden, uniq_rupert
Lair:4:   minmay_swamp_entry_worms

Skill      XL: |  1  2  3  4  5  6  7  8  9 10 11 12 13 |
---------------+----------------------------------------+-----
Fire Magic     | 3 4 5 6 8 9 10 11 12 | 12.0
Conjurations   | 2 3 4 5 6 8 9 11 12 | 12.6
Spellcasting   | 3 4 5 6 8 9 10 11 | 11.9
Necromancy     | 1 2 |  2.0
Earth Magic    | 1 |  1.6
Dodging        | |  1.7
Stealth        | |  1.7

Action                   |  1- 3 |  4- 6 |  7- 9 | 10-12 | 13-15 || total
-------------------------+-------+-------+-------+-------+-------++-------
Melee: Unarmed           |    17 |       |       |       |       ||    17
       Halberd           |       |   133 |    59 |    34 |     5 ||   231
       Kick              |       |       |     9 |     5 |     2 ||    16
 Fire: Blowgun           |       |       |     2 |    24 |       ||    26
 Cast: Flame Tongue      |    61 |    25 |   216 |   251 |     1 ||   554
       Conjure Flame     |       |     6 |     3 |     7 |     1 ||    17
       Sticky Flame      |       |     1 |    38 |    56 |     3 ||    98
       Fireball          |       |       |     3 |   107 |     7 ||   117
Evoke: Wand              |       |       |       |     6 |     1 ||     7
  Use: Scroll            |       |       |    10 |     9 |       ||    19
       Potion            |       |       |     6 |       |       ||     6
 Stab: Sleeping          |       |    12 |     2 |       |       ||    14
  Eat: Chunk             |     3 |     7 |    19 |    25 |     1 ||    55
       Ration            |       |       |     3 |     9 |     1 ||    13
Armor: Robe              |    14 |    32 |    50 |    73 |     2 ||   171
       Skin              |       |       |     4 |       |       ||     4
Dodge: Dodged            |    29 |    75 |    98 |   116 |     8 ||   326
       Deflected         |       |       |     5 |    10 |       ||    15

Table legend:
 A = Non-vault XP
 B = Vault XP
 C = Vault XP percentage of total XP
 D = Non-vault monster count
 E = Vault monster count
 F = Vault count percentage of total count
                 A         B        C        D         E       F
            +---------+---------+-------+---------+---------+-------
      Total |   31428 |    9769 |  23.7 |     310 |      44 |  12.4
            +---------+---------+-------+---------+---------+-------
        D:1 |      62 |       0 |   0.0 |      28 |       0 |   0.0
        D:2 |     117 |       7 |   5.6 |      22 |       7 |  24.1
        D:3 |      50 |     281 |  84.9 |      19 |       2 |   9.5
        D:4 |     795 |       0 |   0.0 |      19 |       0 |   0.0
        D:5 |     799 |       1 |   0.1 |      23 |       1 |   4.2
        D:6 |    1016 |     172 |  14.5 |      27 |       1 |   3.6
        D:7 |    1125 |       0 |   0.0 |      27 |       0 |   0.0
        D:8 |     720 |       0 |   0.0 |       9 |       0 |   0.0
        D:9 |    1830 |       0 |   0.0 |      27 |       0 |   0.0
       D:10 |    2801 |    2040 |  42.1 |      25 |       3 |  10.7
       D:11 |    4470 |       0 |   0.0 |      27 |       0 |   0.0
       D:12 |     580 |       0 |   0.0 |       1 |       0 |   0.0
     Lair:1 |    3445 |    1243 |  26.5 |      16 |       5 |  23.8
     Lair:2 |    7161 |    2992 |  29.5 |      24 |      23 |  48.9
     Lair:3 |    3182 |    3033 |  48.8 |       7 |       2 |  22.2
     Lair:4 |    3275 |       0 |   0.0 |       9 |       0 |   0.0
            +---------+---------+-------+---------+---------+-------
